 Dungeon Crawl Stone Soup version 0.29-a0-231-g945431f764 (webtiles) character file.

Game seed: 8151600136556901793

16 GabrielManson the Sneak (level 2, -2/21 HPs)
             Began as an Octopode Delver on Mar 1, 2022.
             Slain by an adder (4 damage)
             ... on level 3 of the Dungeon.
             The game lasted 00:03:26 (315 turns).

GabrielManson the Sneak (Octopode Delver)            Turns: 315, Time: 00:03:26

Health: -2/21      AC:  1    Str: 11    XL:     2   Next: 58%
Magic:  2/2        EV: 13    Int: 12    God:
Gold:   16         SH:  0    Dex: 13    Spells: 1/1 levels left

rFire   . . .      SeeInvis .     - Unarmed
rCold   . . .      Faith    .   (no shield)
rNeg    . . .      Spirit   .   (helmet restricted)
rPois   .          Reflect  .   (no amulet)
rElec   .          Harm     .   j - ring of willpower
rCorr   .          Rampage  .   (no ring)
Will    +....                   (no ring)
Stlth   ++++......              (no ring)
HPRegen 0.07/turn               (no ring)
MPRegen 0.08/turn               (no ring)
                                (no ring)
                                (no ring)

@: no status effects
A: almost no armour, amphibious, 8 rings, camouflage 1, gelatinous body 1,
(nimble swimmer 1), tentacles
a: no special abilities


You were on level 3 of the Dungeon.
You visited 1 branch of the dungeon, and saw 3 of its levels.

You collected 16 gold pieces.

Inventory:

Missiles
 f - 5 poisoned darts (quivered)
Jewellery
 j - a ring of willpower (left tentacle)
Wands
 e - a wand of digging (3)
 i - a wand of mindburst (18)
Scrolls
 a - a scroll of fog
 b - a scroll of magic mapping
 h - a scroll of enchant weapon {unknown}
Potions
 d - a potion of haste
 g - a potion of lignification {unknown}


   Skills:
 + Level 3.2 Fighting
 + Level 0.8 Throwing
 + Level 2.3 Dodging
 - Level 6.6 Stealth
 + Level 2.3 Unarmed Combat


You had one spell level left.
You didn't know any spells.
Your spell library was empty.

Dungeon Overview and Level Annotations

Branches:
Dungeon (5/15)
 Temple: D:4-7

Altars:

Annotations:
D:3 Natasha
D:4 iamserjio's ghost, amateur OpTm


Innate Abilities, Weirdness & Mutations

You cannot wear most types of armour.
You are amphibious.
You can wear up to eight rings at the same time.
Your skin changes colour to match your surroundings (Stealth+).
Your rubbery body absorbs attacks. (AC +1, EV +1)
((You are camouflaged when in or above water. (Stealth+)))
You have tentacles for arms and can constrict up to eight enemies at once.


Message History

There is a stone staircase leading down here.
Found a knobbly ruby ring.
You completely miss the giant cockroach.
Your grab misses the giant cockroach. The giant cockroach bites you.
You tentacle-slap the giant cockroach. You grab the giant cockroach.
You squeeze the giant cockroach.
You kill the giant cockroach!
Found 16 gold pieces.
j - a ring of willpower Your library has no spells.
j - a ring of willpower (left tentacle)
You now have 16 gold pieces.
A gnoll comes into view. It is wielding a +0 halberd.
A gnoll comes into view.
It is wielding a +0 flail. 2 gnolls and an adder come into view.
Found a scroll labelled EDISOTSOQYC.
The helpless gnoll fails to defend itself.
You tentacle-slap the gnoll. You grab the gnoll. You squeeze the gnoll.
The gnoll is severely wounded.
You constrict the gnoll.
The gnoll shouts! x2
The gnoll barely misses you.
The adder hisses angrily.
You tentacle-slap the gnoll but do no damage.
The gnoll is severely wounded.
You constrict the gnoll. The gnoll hits you with a +0 halberd!
Ouch! That really hurt!
You release your grip on the gnoll.
The gnoll hits you from afar with a +0 halberd.
* * * LOW HITPOINT WARNING * * *
As you read the scroll of fear, it crumbles to dust.
You assume a fearsome visage.
The gnoll looks frightened! x3
The adder barely misses you.
Natasha, Servant of Life and Death comes into view.
The adder barely misses you. The adder bites you.
* * * LOW HITPOINT WARNING * * *
The adder barely misses you. The adder bites you.
You die...

#.#..##.#.#..?......#
.h #.#.....#.# ##.#
... #.#.##..#.# #.##
#.. #.#.##..#.# #.#
... #.........# #.##
#.#
######.#######.###.#
##.####...#...###.#
#.#...............#
##.####@..#.#.#####
### ##S...#g#
#.####.# #g####.#
#...g..# ########


You could see a gnoll and an adder.

Vanquished Creatures
  An adder (D:4)
  An orc (D:4)
  An endoplasm (D:4)
  3 giant cockroaches
6 creatures vanquished.

Notes
Turn   | Place    | Note
-------+----------+-------------------------------------------
     0 | D:5      | GabrielManson the Octopode Delver began the quest for the
                  | Orb.
     0 | D:5      | Reached XP level 1. HP: 16/16 MP: 1/1
    15 | D:5      | Noticed a hound
    16 | D:5      | Noticed a black bear
    28 | D:4      | Noticed a water moccasin
    91 | D:4      | Reached XP level 2. HP: 20/21 MP: 2/2
   110 | D:4      | Noticed an ogre
   118 | D:4      | Noticed an ogre
   123 | D:4      | Noticed iamserjio's ghost (amateur OpTm)
   303 | D:3      | Noticed Natasha
   308 | D:3      | HP: 1/21 [adder (2)]
   315 | D:3      | Slain by an adder

Illustrated notes

Levels and vault maps discovered:
D:3:      layout_loops_cross, minmay_goblin_kobold_house, uniq_natasha
D:4:      layout_gridville, amethyst_overflow_temple_binary,
          hellmonk_ghost_happy_afterlife, kennysheep_opposing_triangles
D:5:      layout_rooms, grunt_decor_junction, minmay_misc_feat_encased

Action                   || total
-------------------------++-------
Melee: Unarmed           ||    14
       Tentacles         ||     6
       Constrict         ||     5
  Use: Scroll            ||     1
 Stab: Sleeping          ||     5
Armor: Skin              ||     1
Dodge: Dodged            ||     6

Table legend: (Time is in decaauts)
 A = Elapsed time spent in this place.
 B = Non-inter-level travel time spent in this place.
 C = Inter-level travel time spent in this place.
 D = Time resting spent in this place.
 E = Time spent auto-exploring this place.
 F = Levels seen in this place.
 G = Mean time per level.
                   A        B        C        D        E       F      G
               +--------+--------+--------+--------+--------+-----+--------+
         Total |    313 |    313 |      0 |      0 |     94 |   3 |  104.3 |
       Dungeon |    313 |    313 |      0 |      0 |     94 |   3 |  104.3 |
               +--------+--------+--------+--------+--------+-----+--------+

Top non-repeatable levels by time:
     D:4: 219 daAuts
     D:3: 76 daAuts
     D:5: 18 daAuts
